 Dungeon Crawl Stone Soup version 0.21.0-37-g46506fa (webtiles) character file.

2135 EatLessMeat the Cleaver (level 9, -1/112 HPs)
             Began as a Minotaur Berserker on Jan 31, 2018.
             Was an Elder of Trog.
             Slain by a centaur (3 damage)
             ... on level 7 of the Dungeon.
             The game lasted 00:34:25 (7736 turns).

EatLessMeat the Cleaver (Minotaur Berserker)        Turns: 7736, Time: 00:34:27

Health: -1/112     AC:  8    Str: 29    XL:     9   Next: 9%
Magic:  0/8        EV: 13    Int:  9    God:    Trog [****..]
Gold:   156        SH:  0    Dex: 10    Spells: 8/8 levels left

rFire    . . .     SeeInvis .   a - +0 hand axe
rCold    . . .     Gourm    .   (no shield)
rNeg     . . .     Faith    .   x - +0 ring mail
rPois    .         Spirit   +   (helmet restricted)
rElec    .         Reflect  .   H - scarf {Spirit}
rCorr    .         Harm     .   J - +0 pair of gloves
MR       .....                  K - +0 pair of boots
Stlth    ..........             (no amulet)
HPRegen  0.28/turn              G - +4 ring of intelligence
MPRegen  0.11/turn              (no ring)

@: berserking, very quick
A: retaliatory headbutt, horns 2
a: Berserk, Trog's Hand, Brothers in Arms, Burn Spellbooks, Renounce Religion


You were on level 7 of the Dungeon.
You worshipped Trog.
Trog was greatly pleased with you.
You were near starving.

You visited 2 branches of the dungeon, and saw 8 of its levels.

You collected 258 gold pieces.
You spent 102 gold pieces at shops.

Inventory:

Hand Weapons
 a - a +0 hand axe (weapon)
 b - a +0 hunting sling
 w - a +0 blowgun
 F - a +2 mace of holy wrath
 O - a +0 flail
Missiles
 d - 146 stones
 g - 161 arrows
 P - 12 poisoned needles
 Q - 15 sling bullets
 R - 7 javelins (quivered)
 U - 3 tomahawks of dispersal
Armour
 c - a +0 cloak
 x - a +0 ring mail (worn)
 y - a +0 scale mail
 B - a +0 plate armour
 H - a scarf of spirit shield (worn)
 J - a +0 pair of gloves (worn)
 K - a +0 pair of boots (worn)
Jewellery
 G - a +4 ring of intelligence (left hand)
Wands
 N - a wand of flame (23)
 S - a wand of polymorph (25)
Scrolls
 f - a scroll of immolation {unknown}
 i - 2 scrolls of enchant armour {unknown}
 j - a scroll of fog {unknown}
 k - 5 scrolls of remove curse
 p - 2 scrolls of blinking {unknown}
 q - a scroll of amnesia {unknown}
 r - 4 scrolls of identify
 u - 2 scrolls of magic mapping {unknown}
 D - a scroll of teleportation {unknown}
 I - 4 scrolls of random uselessness {unknown}
 T - a scroll of fear
 W - 2 scrolls of enchant weapon {unknown}
Potions
 l - a potion of heal wounds {unknown}
 m - 4 potions of curing {unknown}
 n - 3 potions of berserk rage {unknown}
 t - a potion of cancellation {unknown}
 z - 2 potions of agility {unknown}
 C - a potion of invisibility {unknown}
 E - a potion of flight {unknown}
 L - 2 potions of resistance {unknown}
 M - a potion of lignification {unknown}
 V - a potion of haste
Comestibles
 e - 10 rations


   Skills:
 + Level 6.1 Fighting
 + Level 10.3 Axes
 * Level 0.4(2.7) Slings
 + Level 4.0 Throwing
 + Level 6.1 Armour
 + Level 4.6 Dodging
 + Level 1.7 Stealth


You had 8 spell levels left.
You didn't know any spells.

Dungeon Overview and Level Annotations

Branches:
Dungeon (7/15)             Temple (1/1) D:4

Altars:
Ashenzari
Cheibriados
Dithmenos
Elyvilon
Fedhas
Gozag
Hepliaklqana
Kikubaaqudgha
Makhleb
Nemelex Xobeh
Okawaru
Qazlal
Ru
Trog
Uskayaw
Vehumet
Wu Jian
Xom
Yredelemnul
Zin
The Shining One

Shops:
D:6 ?


Innate Abilities, Weirdness & Mutations

You reflexively headbutt those who attack you in melee.
You have a pair of horns on your head.


Message History

A red film seems to cover your vision as you go berserk!
You feel yourself moving faster!
You feel mighty!
You are near starving!
The centaur shoots an arrow.
The arrow hits you.
* * * LOW HITPOINT WARNING * * *
The centaur closely misses you. You furiously retaliate!
You headbutt the centaur!
The centaur shoots an arrow.
The arrow closely misses you.
You slice the centaur!!
You feel the power of Trog in you as your rage grows.
You kill the centaur!
Trog accepts your kill.
The centaur shoots an arrow.
The arrow hits you!
* * * LOW HITPOINT WARNING * * *
Things that are here:
a shortbow; 12 arrows; a centaur corpse You feel a strong urge to attack something.
The centaur unwields an uncursed shortbow.
The centaur hits you.
You die...

....# #.#.(≈≈≈≈.
...##.#.≈≈≈≈((
#......≈≈≈≈≈c
#......≈≈c≈≈.
#+###..(#.≈c≈≈≈.
#.......#.≈≈≈≈#
######(((# #(c##
#.@#########
#()(.......#
#..........#
#..........#
#<.........#
#..#.......#
#..#.(.....###
##.##........#
#..#........#


You could see a centaur.

Vanquished Creatures
  Duvessa (D:4)
  Purgy (D:4)
  2 orc warriors (D:6)
  A black bear (D:6)
  A phantom (D:6)
  2 ogres
  A centaur (D:7)
  2 bullfrogs (D:6)
  Dowan (D:4)
  3 howler monkeys
  3 crimson imps
  6 orc priests
  3 hounds (D:6)
  A bullfrog skeleton (D:4)
  2 iguanas (D:5)
  6 orc wizards
  6 worker ants
  3 gnolls (D:2)
  12 adders
  6 worms
  2 dart slugs
  6 leopard geckos
  25 orcs
  5 bats
  8 giant cockroaches
  3 goblins
  8 hobgoblins
  6 jackals
  5 kobolds
  A quokka (D:4)
  6 frilled lizards
  A jackal skeleton (D:4)
  2 quokka skeletons
  5 rats
146 creatures vanquished.

Notes
Turn   | Place    | Note
-------+----------+-------------------------------------------
     0 | D:1      | EatLessMeat the Minotaur Berserker began the quest for the Orb.
     0 | D:1      | Reached XP level 1. HP: 19/19 MP: 0/0
   175 | D:1      | Reached XP level 2. HP: 27/27 MP: 1/1
   334 | D:1      | Reached skill level 4 in Axes
  1057 | D:2      | Reached XP level 3. HP: 33/33 MP: 2/2
  1320 | D:2      | Found a shattered altar of Ashenzari.
  1364 | D:2      | Reached ** piety under Trog
  1368 | D:2      | Reached XP level 4. HP: 29/41 MP: 3/3
  1599 | D:2      | Reached skill level 1 in Stealth
  2167 | D:3      | Reached skill level 5 in Axes
  2382 | D:3      | Reached skill level 1 in Throwing
  2382 | D:3      | Reached XP level 5. HP: 41/47 MP: 4/4
  3294 | D:4      | Noticed Dowan
  3295 | D:4      | Noticed Duvessa
  3302 | D:4      | Killed Duvessa
  3302 | D:4      | Reached skill level 6 in Axes
  3302 | D:4      | Reached XP level 6. HP: 53/53 MP: 5/5
  3314 | D:4      | Killed Dowan
  3713 | D:4      | Reached *** piety under Trog
  4010 | D:4      | Reached skill level 5 in Fighting
  4273 | D:4      | Reached XP level 7. HP: 54/61 MP: 6/6
  4381 | D:4      | Noticed Purgy
  4406 | D:4      | Killed Purgy
  4406 | D:4      | Reached skill level 7 in Axes
  4955 | D:4      | Found a staircase to the Ecumenical Temple.
  4961 | Temple   | Entered the Ecumenical Temple
  5178 | D:5      | Entered Level 5 of the Dungeon
  5795 | D:5      | Reached skill level 8 in Axes
  5796 | D:5      | Reached XP level 8. HP: 42/69 MP: 7/7
  6105 | D:5      | Found a hazy altar of Hepliaklqana.
  6114 | D:5      | Reached skill level 5 in Armour
  6132 | D:5      | Found an opulent altar of Gozag.
  6135 | D:5      | Found a glowing golden altar of the Shining One.
  6140 | D:5      | Found an iron altar of Okawaru.
  6391 | D:6      | Reached **** piety under Trog
  6445 | D:6      | Reached skill level 9 in Axes
  6580 | D:6      | Found Nidghiwk's Magic Scroll Shop.
  6657 | D:6      | Reached skill level 10 in Axes
  7185 | D:6      | Reached XP level 9. HP: 38/75 MP: 2/8
  7428 | D:6      | Bought a scroll of identify for 24 gold pieces
  7428 | D:6      | Bought a scroll of remove curse for 36 gold pieces
  7428 | D:6      | Bought a scroll of fear for 42 gold pieces
  7614 | D:7      | Found a shadowy altar of Dithmenos.
  7735 | D:7      | HP: 1/112 [centaur/arrow (6)]
  7736 | D:7      | Slain by a centaur

Skill      XL: |  1  2  3  4  5  6  7  8  9 |
---------------+----------------------------+-----
Axes           | 4 5 6 8 10 | 10.3
Fighting       | 4 5 6 |  6.1
Dodging        | 3 4 |  4.6
Stealth        | 1 |  1.7
Throwing       | 1 2 3 4 |  4.0
Armour         | 3 4 6 |  6.1
Slings         | |  0.4

Action                   |  1- 3 |  4- 6 |  7- 9 || total
-------------------------+-------+-------+-------++-------
Melee: Hand axe          |    55 |   134 |   242 ||   431
       Headbutt          |     7 |    24 |    48 ||    79
 Fire: Hunting sling     |       |       |     7 ||     7
Throw: Stone             |    10 |    52 |    56 ||   118
       Javelin           |       |       |     8 ||     8
Invok: Berserk           |     1 |     3 |     2 ||     6
  Use: Scroll            |       |       |     1 ||     1
 Stab: Distracted        |       |       |     1 ||     1
  Eat: Chunk             |     1 |    10 |     7 ||    18
       Ration            |       |     1 |     1 ||     2
Armor: Animal skin       |    14 |     4 |       ||    18
       Ring mail         |       |    48 |    51 ||    99
       Leather armour    |       |     1 |       ||     1
Dodge: Dodged            |    40 |    82 |   129 ||   251
